 Dungeon Crawl Stone Soup version 0.23-a0-389-g4a5eb334b0 (webtiles) character file.

213 PikkenKukken the Sneak (level 5, 0/37 HPs)
             Began as a Spriggan Warper on Oct 30, 2018.
             Succumbed to a scorpion's poison
             ... on level 3 of the Dungeon.
             The game lasted 00:08:04 (5255 turns).

PikkenKukken the Sneak (Spriggan Warper)            Turns: 5255, Time: 00:08:05

Health: 0/37       AC: 22    Str: 12    XL:     5   Next: 59%
Magic:  10/10      EV:  4    Int: 21    God:
Gold:   140        SH:  0    Dex: 13    Spells: 7/11 levels left

rFire    . . .     SeeInvis +   a - +1 short sword
rCold    . . .     Gourm    .   (shield restricted)
rNeg     + + +     Faith    .   (armour currently unavailable)
rPois    +         Spirit   .   (helmet currently unavailable)
rElec    .         Reflect  .   (cloak currently unavailable)
rCorr    .         Harm     .   (gloves unavailable)
MR       .....     NoTele   +   (boots unavailable)
Stlth    +++.......             (no amulet)
HPRegen  0.12/turn              (no ring)
MPRegen  0.12/turn              (no ring)

@: mighty, brilliant, lethally poisoned (0 -> -9), tree-form
A: very small, unfitting armour, see invisible, clumsy 1, herbivore, low mp 1,
slow metabolism 2
a: no special abilities


You were on level 3 of the Dungeon.
You were hungry.
You were a tree.
You visited 1 branch of the dungeon, and saw 4 of its levels.

You collected 140 gold pieces.

Inventory:

Hand Weapons
 a - a +1 short sword (weapon)
Missiles
 e - 2 tomahawks of dispersal (quivered)
 r - 4 poisoned needles
Armour
 b - a +0 robe (melded)
 m - a +0 hat (melded)
 t - a +0 cloak (melded)
Jewellery
 n - an uncursed ring of ice {unknown}
 q - a +3 ring of protection {unknown}
Scrolls
 d - a scroll of blinking
 j - a scroll of enchant weapon
 o - 3 scrolls of fog
 p - 2 scrolls of magic mapping
 s - a scroll of identify
Potions
 c - a potion of haste
 g - a potion of lignification
 h - a potion of mutation
Comestibles
 f - 4 rations


   Skills:
 - Level 1.5 Fighting
 - Level 2.1 Short Blades
 + Level 2.5 Throwing
 + Level 5.0 Dodging
 * Level 5.3 Stealth
 + Level 3.9 Spellcasting
 - Level 4.4 Translocations


You had 7 spell levels left.
You knew the following spells:

 Your Spells              Type           Power        Failure   Level  Hunger
a - Blink                 Tloc           N/A          1%          2    #......
b - Shroud of Golubria    Chrm/Tloc      ####......   1%          2    #......

Your spell library contained the following spells:

 Spells                   Type           Power        Failure   Level  Hunger
 Gell's Gravitas          Tloc           #####.....   1%          3    ###....
 Lesser Beckoning         Tloc           #####.....   1%          3    ###....
 Teleport Other           Tloc           #####...     1%          3    ###....
 Passage of Golubria      Tloc           N/A          2%          4    ####...


Dungeon Overview and Level Annotations

Branches:
Dungeon (4/15)
 Temple: D:4-7

Altars:

Shops:
D:4 *


Innate Abilities, Weirdness & Mutations

You are very small and have problems with some larger weapons.
You are too small for most types of armour.
You have supernaturally acute eyesight. (SInv)
You are a herbivore.
((You cover ground extremely quickly.))
You need to consume almost no food.
((You have a pair of small horns on your head.))
You are clumsy. (Dex -2)
Your magical capacity is low. (-10% MP)
((Your system is resistant to poisons. (rPois)))


Message History

Your Dodging skill increases to level 5!
Your Stealth skill increases to level 5!
You cannot move.
You cannot move.
You cannot move.
You cannot move.
You cannot move.
You cannot move.
You cannot move.
You cannot move.
You cannot move.
You cannot move.
You cannot move.
You cannot move.
You cannot move.
You cannot move.
You cannot move.
It was a potion of might.
You feel very mighty all of a sudden.
You die...

#.#.......############ #
#.######.##..........# #
#.........'..........# #
########'##..........# #
#....#..........# ###### #
#....#..........# #....# #
######....###'###########....####
..............#######...#....##..
......##........♣...'...'...)''..
......###.###########...#....##..
..(.......# #####....##..
###'########## ####....##..
#..........#########.......##..
#<.........#......##.......##..
#.................##.....####..
#########..........##.....# #..
#..................##.....# ###


There were no monsters in sight!

Vanquished Creatures
  A scorpion (D:3)
  An orc wizard (D:3)
  4 adders
  4 gnolls
  An ooze (D:2)
  A worm (D:2)
  3 dart slugs
  A leopard gecko (D:1)
  4 bats
  6 giant cockroaches
  8 goblins
  4 hobgoblins
  2 jackals (D:3)
  2 kobolds (D:1)
  7 frilled lizards
  4 rats
53 creatures vanquished.

Notes
Turn   | Place    | Note
-------+----------+-------------------------------------------
     0 | D:1      | PikkenKukken the Spriggan Warper began the quest for the
                  | Orb.
     0 | D:1      | Reached XP level 1. HP: 10/10 MP: 5/5
   101 | D:1      | Reached skill level 1 in Stealth
   287 | D:1      | Reached XP level 2. HP: 10/14 MP: 6/6
   378 | D:1      | Learned a level 2 spell: Blink
   381 | D:1      | Learned a level 2 spell: Shroud of Golubria
  1495 | D:1      | Reached XP level 3. HP: 17/18 MP: 8/8
  2214 | D:2      | Reached XP level 4. HP: 11/22 MP: 10/10
  4254 | D:4      | Found Bokoniux's Assorted Antiques.
  4261 | D:4      | Noticed a phantom
  4309 | D:3      | Reached XP level 5. HP: 7/25 MP: 8/11
  5230 | D:3      | Gained mutation: You have a pair of small horns on your
                  | head. [potion of mutation]
  5230 | D:3      | Gained mutation: Your magical capacity is low. (-10% MP)
                  | [potion of mutation]
  5230 | D:3      | Gained mutation: You are clumsy. (Dex -2) [potion of
                  | mutation]
  5230 | D:3      | Gained mutation: Your system is resistant to poisons.
                  | (rPois) [potion of mutation]
  5253 | D:3      | HP: 1/37 [poisoned by a scorpion]
  5254 | D:3      | Reached skill level 5 in Dodging
  5254 | D:3      | Reached skill level 5 in Stealth
  5255 | D:3      | Succumbed to a scorpion's poison

Vault maps used:
D:1:      evilmike_arrival_crescent, minmay_lizard_pond
D:3:      first_ration
D:4:      serial_shops, shop, nicolae_elemental_shop, uniq_duvessa,
          uniq_menkaure, uniq_ijyb

Skill      XL: |  1  2  3  4  5 |
---------------+----------------+-----
Stealth        | 1 2 3 4 5 |  5.3
Spellcasting   | 3 |  3.9
Dodging        | 4 5 |  5.0
Throwing       | 2 |  2.5
Fighting       | |  1.5
Short Blades   | |  2.1
Translocations | |  4.4

Action                   |  1- 3 |  4- 6 || total
-------------------------+-------+-------++-------
Melee: Short sword       |   146 |   154 ||   300
Throw: Tomahawk          |       |    14 ||    14
 Cast: Shroud of Golubri |       |     1 ||     1
  Use: Scroll            |     5 |     5 ||    10
       Potion            |       |     5 ||     5
 Stab: Sleeping          |     5 |     2 ||     7
  Eat: Ration            |       |     1 ||     1
Armor: Robe              |     7 |    11 ||    18
       Skin              |       |    15 ||    15
Dodge: Dodged            |   121 |   103 ||   224

Table legend:
 A = Non-vault XP
 B = Vault XP
 C = Vault XP percentage of total XP
 D = Non-vault monster count
 E = Vault monster count
 F = Vault count percentage of total count
                 A         B        C        D         E       F
            +---------+---------+-------+---------+---------+-------
      Total |     300 |       5 |   1.6 |      48 |       5 |   9.4
            +---------+---------+-------+---------+---------+-------
        D:1 |      77 |       5 |   6.1 |      22 |       5 |  18.5
        D:2 |      67 |       0 |   0.0 |      12 |       0 |   0.0
        D:3 |     156 |       0 |   0.0 |      14 |       0 |   0.0
            +---------+---------+-------+---------+---------+-------
